 Dungeon Crawl Stone Soup version 0.28.0-53-g5a82cb258f (webtiles) character file.

Game seed: 3791214160349164140

3 pkoi the Insei (level 1, 0/17 HPs)
             Began as a Demigod Gladiator on May 31, 2022.
             Slain by a kobold
             ... wielding a +2 dagger of speed
              (2 damage)
             ... on level 1 of the Dungeon.
             The game lasted 00:00:11 (69 turns).

pkoi the Insei (Demigod Gladiator)                    Turns: 69, Time: 00:00:12

Health: 0/17       AC:  4    Str: 15    XL:     1   Next: 33%
Magic:  3/3        EV: 12    Int: 10    God:
Gold:   0          SH:  0    Dex: 15    Spells: 0/0 levels left

rFire   . . .      SeeInvis .     - Unarmed
rCold   . . .      Faith    .   (no shield)
rNeg    . . .      Spirit   .   a - +0 leather armour
rPois   .          Reflect  .   b - +0 helmet
rElec   .          Harm     .   (no cloak)
rCorr   .          Rampage  .   (no gloves)
Will    .....                   (no boots)
Stlth   +.........              (no amulet)
HPRegen 0.05/turn               (no ring)
MPRegen 0.08/turn               (no ring)

@: no status effects
A: high MP 1, forlorn, divine attributes
a: no special abilities


You were on level 1 of the Dungeon.
You visited 1 branch of the dungeon, and saw 1 of its levels.

Inventory:

Missiles
 c - 2 throwing nets (quivered)
Armour
 a - a +0 leather armour (worn)
 b - a +0 helmet (worn)
Potions
 d - a potion of heal wounds {unknown}


   Skills:
 - Level 1.7 Fighting
 - Level 1.7 Throwing
 - Level 2.6 Dodging
 + Level 2.9 Unarmed Combat


You couldn't memorise any spells.
You didn't know any spells.
Your spell library was empty.

Dungeon Overview and Level Annotations

Branches:
Dungeon (1/15)


Innate Abilities, Weirdness & Mutations

You have an increased reservoir of magic. (+10% MP)
You shall have no god before yourself.
Your divine heritage dramatically boosts your attributes as you level up.


Message History

You hit the hobgoblin.
You kill the hobgoblin!
A kobold comes into view. It is wielding a +2 dagger of speed.
Found 3 scrolls labelled HYIHAA JISSARI.
The kobold shouts!
The kobold misses you.
You hit the kobold but do no damage. You miss the kobold.
The kobold hits you but does no damage.
You closely miss the kobold. The kobold misses you.
You barely miss the kobold. The kobold barely misses you.
You closely miss the kobold. The kobold barely misses you.
Unknown command.
The kobold hits you with a +0 short sword.
* * * LOW HITPOINT WARNING * * *
You hit the kobold.
You kill the kobold!
The kobold hits you with a +2 dagger of speed.
* * * LOW HITPOINT WARNING * * *
The kobold hits you with a +2 dagger of speed.
* * * LOW HITPOINT WARNING * * *
You see here a +0 short sword.
You closely miss the kobold. The kobold closely misses you.
You closely miss the kobold.
The kobold hits you with a +2 dagger of speed.
* * * LOW HITPOINT WARNING * * *
You closely miss the kobold. The kobold hits you but does no damage.
The kobold hits you with a +2 dagger of speed.
* * * LOW HITPOINT WARNING * * *
You closely miss the kobold. The kobold closely misses you.
The kobold hits you but does no damage.
Unknown command.
You aren't carrying any items that you can evoke.
Throw: 3 throwing nets
Press: ? - help, Q - select action Shift-Dir - straight line, f - kobold
Aim: a kobold, wielding a +2 dagger of speed (50% to hit)
You throw a throwing net.
The throwing net barely misses the kobold.
The throwing net hits the goblin.
The goblin is caught in the net!
The kobold hits you with a +2 dagger of speed.
You die...

#.# #####.###
#.....[.# # #.#
#.#.####
#.#.###...#..#
#####.#.#.....#..#
......g.......†..# #
.....##.#####.##.##.#
?.. #..gK@..#.....# .
#########'#####
##PP#.#PP##
##P..#.#≈≈P##
##P.PP#[#≈≈≈P##
#P....#.#≈≈≈≈P#
#PP...#.#≈≈≈≈P#
#######.#######
+..^...<......+


You could see a goblin (caught) and a kobold.

Vanquished Creatures
  A hobgoblin (D:1)
  A kobold (D:1)
  A frilled lizard (D:1)
3 creatures vanquished.

Notes
Turn   | Place    | Note
-------+----------+-------------------------------------------
     0 | D:1      | pkoi the Demigod Gladiator began the quest for the Orb.
     0 | D:1      | Reached XP level 1. HP: 17/17 MP: 3/3
    69 | D:1      | Slain by a kobold

Illustrated notes

Levels and vault maps discovered:
D:1:      psy_arrival_terrarium, layout_basic, roderic_serpentine_path

Action                   || total
-------------------------++-------
Melee: Unarmed           ||    17
Throw: Throwing net      ||     1
Armor: Leather armour    ||     3
Dodge: Dodged            ||    10
